 Dungeon Crawl Stone Soup version 0.24.0-2-g5b39cebb1c (webtiles) character file.

Game seed: 12735624881401835968, levelgen mode: deterministic

102 Nivan the Conjurer (level 4, -1/33 HPs)
             Began as a Draconian Conjurer on Oct 30, 2019.
             Slain by an orc
             ... wielding a +0 dagger
              (2 damage)
             ... on level 4 of the Dungeon.
             The game lasted 00:06:12 (1909 turns).

Nivan the Conjurer (Draconian Conjurer)             Turns: 1909, Time: 00:06:13

Health: -1/33      AC:  5    Str:  8 (10) XL:     4   Next: 50%
Magic:  0/8        EV: 12    Int: 16 (17) God:
Gold:   136        SH:  0    Dex:  8 (11) Spells: 7/8 levels left

rFire    . . .     SeeInvis .   i - +0 mace
rCold    . . .     Gourm    .   (no shield)
rNeg     . . .     Faith    .   (armour unavailable)
rPois    .         Spirit   .   (helmet restricted)
rElec    .         Reflect  .   (no cloak)
rCorr    .         Harm     .   (no gloves)
MR       .....                  (no boots)
Stlth    ++........             (no amulet)
HPRegen  0.11/turn              (no ring)
MPRegen  0.11/turn              (no ring)

@: no status effects
A: unfitting armour, cold-blooded, AC +5
a: no special abilities


You were on level 4 of the Dungeon.
You were not hungry.

You visited 1 branch of the dungeon, and saw 3 of its levels.

You collected 136 gold pieces.

Inventory:

Hand Weapons
 d - a +0 club
 i - a +0 mace (weapon)
Scrolls
 e - 2 scrolls of identify {unknown}
 g - a scroll of teleportation {unknown}
 h - a scroll of enchant weapon {unknown}
 j - a scroll of blinking {unknown}
Potions
 f - a potion of brilliance {unknown}
 k - a potion of haste {unknown}
 l - a potion of lignification {unknown}
Comestibles
 b - 3 rations


   Skills:
 + Level 0.2 Fighting
 + Level 0.7 Maces & Flails
 + Level 2.1 Dodging
 + Level 2.0 Stealth
 + Level 2.7 Spellcasting
 + Level 5.1 Conjurations


You had 7 spell levels left.
You knew the following spells:

 Your Spells              Type           Power        Failure   Level  Hunger
a - Magic Dart            Conj           ###.         2%          1    #......

Your spell library contained the following spells:

 Spells                   Type           Power        Failure   Level  Hunger
 Searing Ray              Conj           ###...       3%          2    ##.....
 Dazzling Spray           Conj/Hex       ##....       21%         3    ###....
 Iskenderun's Mystic Bla  Conj           ###.....     22%         4    #####..
 Force Lance              Conj/Tloc      ##......     54%         4    #####..
 Fulminant Prism          Conj/Hex       ##........   54%         4    #####..


Dungeon Overview and Level Annotations

Branches:
Dungeon (2/15)

Altars:
Nemelex Xobeh
Wu Jian


Innate Abilities, Weirdness & Mutations

Your plain brown scales are hard. (AC +5)
You cannot fit into any form of body armour.
You are cold-blooded and may be slowed by cold attacks.


Message History

* * * LOW HITPOINT WARNING * * *
The orc hits you but does no damage.
It was a potion of degeneration.
There was something very wrong with that liquid.
You feel weakened.
You feel dopey.
You feel clumsy. The orc misses you.
The orc priest hits you with a +0 falchion.
* * * LOW HITPOINT WARNING * * *
The orc closely misses you.
Casting: Magic Dart (safe; 2% risk of failure)
Confirm with . or Enter, or press ? or * to list all spells.
Aiming: Magic Dart (safe; 2% risk of failure)
Press: ? - help, Shift-Dir - straight line, f/p - orc priest
Aim: an orc priest, wielding a +0 falchion (almost dead)
The magic dart hits the orc priest.
You kill the orc priest!
You feel your strength returning. The orc hits you but does no damage. x2
The orc hits you but does no damage. The orc hits you with a +0 dagger.
You die...

#### #..#
#.o# #@o#
#..#
#....
#..%..?
##.#.#).#
.#.# ##
##.. ##


You could see 2 orcs.

Vanquished Creatures
  An orc priest (D:4)
  2 adders (D:2)
  2 oozes (D:2)
  A worm (D:2)
  A dart slug (D:1)
  A ball python (D:1)
  4 goblins
  7 hobgoblins
  5 jackals (D:2)
  5 kobolds
  5 bats
  4 frilled lizards
  6 rats
44 creatures vanquished.

Notes
Turn   | Place    | Note
-------+----------+-------------------------------------------
     0 | D:1      | Nivan the Draconian Conjurer began the quest for the Orb.
     0 | D:1      | Reached XP level 1. HP: 14/14 MP: 3/3
   211 | D:1      | Reached XP level 2. HP: 19/20 MP: 3/5
   866 | D:2      | Reached XP level 3. HP: 26/26 MP: 1/6
  1167 | D:2      | Reached skill level 5 in Conjurations
  1374 | D:2      | Found an ornate altar of the Wu Jian Council.
  1423 | D:2      | Reached XP level 4. HP: 11/33 MP: 0/7
  1534 | D:2      | Found a sparkling altar of Nemelex Xobeh.
  1896 | D:2      | You fall into a shaft and drop 2 floors!
  1907 | D:4      | HP: 1/33 [orc priest/+0 falchion (2)]
  1909 | D:4      | Slain by an orc

Levels and vault maps discovered:
D:1:      elethiomel_arrival_shortcut, layout_rooms, serial_bayou_pond_a,
          minmay_close_crescents
D:2:      minmay_recursive_quarters, layout_basic, marbit_many_paths,
          nemelex_altar_shiori
D:4:      layout_basic, lemuel_zombie_altar_yredelemnul, kennysheep_little_box,
          gammafunk_ghost_nasty_kobolds, serial_shops,
          nicolae_shop_window_shopping, first_ration, uniq_pikel

Skill      XL: |  1  2  3 |
---------------+----------+-----
Conjurations   | 5 |  5.1
Dodging        | 2 |  2.1
Stealth        | 2 |  2.0
Fighting       | |  0.2
Maces & Flails | |  0.7
Spellcasting   | |  2.7

Action                   |  1- 3 |  4- 6 || total
-------------------------+-------+-------++-------
Melee: Unarmed           |    14 |       ||    14
       Tailslap          |     5 |     1 ||     6
       Club              |    15 |       ||    15
       Mace              |    25 |     5 ||    30
 Cast: Magic Dart        |    70 |    20 ||    90
  Use: Potion            |       |     1 ||     1
  Eat: Chunk             |     2 |     2 ||     4
Armor: Skin              |    21 |     7 ||    28
Dodge: Dodged            |    55 |    14 ||    69
